 Dungeon Crawl Stone Soup version 0.27.0-1-g7a089689b8 (webtiles) character file.

Game seed: 5342487774657369530

3021 horus123 the Thaumaturge (level 9, -9/48 HPs)
             Began as a Deep Elf Conjurer on Aug 4, 2021.
             Was an Initiate of Vehumet.
             Mangled by a two-headed ogre (19 damage)
             ... on level 8 of the Dungeon.
             The game lasted 00:37:20 (11658 turns).

horus123 the Thaumaturge (Deep Elf Conjurer)       Turns: 11658, Time: 00:37:20

Health: -9/48      AC:  9    Str:  3    XL:     9   Next: 55%
Magic:  22/35      EV: 15    Int: 28    God:    Vehumet [......]
Gold:   1169       SH:  0    Dex: 14    Spells: 7/30 levels left

rFire    . . .     SeeInvis .   b - staff of conjuration
rCold    + . .     Faith    .   (no shield)
rNeg     . . .     Spirit   .   a - +0 robe
rPois    .         Reflect  .   v - +2 hat
rElec    .         Harm     .   p - +0 cloak
rCorr    .         Rampage  .   (no gloves)
Will     .....                  q - +2 pair of boots
Stlth    +++.......             (no amulet)
HPRegen  0.16/turn              j - ring of magical power
MPRegen  0.24/turn              r - ring of the Octopus King {rC+ AC+1 EV+1 Str+1 Int+1 Dex+1}

@: very slightly contaminated
A: weak 1
a: Renounce Religion


You were on level 8 of the Dungeon.
You worshipped Vehumet.
Vehumet was noncommittal.
You visited 2 branches of the dungeon, and saw 9 of its levels.
You also visited: Ossuary.

You collected 1169 gold pieces.

Inventory:

Hand Weapons
 i - a +2 rapier
Armour
 a - a +0 robe (worn)
 p - a +0 cloak (worn)
 q - a +2 pair of boots (worn)
 v - a +2 hat (worn)
Magical Staves
 b - a staff of conjuration (weapon)
Jewellery
 j - a ring of magical power (left hand)
 o - a ring of resist corrosion
 r - a ring of the Octopus King (right hand) {rC+ AC+1 EV+1 Str+1 Int+1 Dex+1}
   (You found it in an ossuary)

   [ring of protection from cold]

   AC:        It affects your AC (+1).
   EV:        It affects your evasion (+1).
   Str:       It affects your strength (+1).
   Int:       It affects your intelligence (+1).
   Dex:       It affects your dexterity (+1).
   rC:        It protects you from cold.
Wands
 f - a wand of paralysis (4)
 m - a wand of mindburst (7)
 x - a wand of polymorph (5)
Scrolls
 e - a scroll of silence
 l - 4 scrolls of teleportation
 s - a scroll of magic mapping
 y - 2 scrolls of fog
Potions
 c - 5 potions of degeneration
 g - a potion of might
 h - 6 potions of curing
 k - 2 potions of heal wounds
 w - 3 potions of cancellation
 A - a potion of lignification
 B - a potion of attraction


   Skills:
 + Level 2.1 Fighting
 + Level 5.2 Dodging
 + Level 4.5 Stealth
 + Level 11.3 Spellcasting
 + Level 8.4 Conjurations
 + Level 6.3 Hexes
 + Level 1.8 Air Magic


You had 7 spell levels left.
You knew the following spells:

 Your Spells              Type           Power      Damage    Failure   Level
a - Magic Dart            Conj           100%       1d8       1%          1
b - Corona                Hex            56%        N/A       1%          1
c - Searing Ray           Conj           100%       3d7       1%          2
d - Tukima's Dance        Hex            51%        N/A       1%          3
e - Fulminant Prism       Conj/Hex       36%        3d18      1%          4
f - Static Discharge      Conj/Air       61%        N/A       1%          2
g - Lightning Bolt        Conj/Air       30%        1d47      12%         5
h - Bolt of Magma         Conj/Fire/Erth 23%        4d11      30%         5

Your spell library contained the following spells:

 Spells                   Type           Power      Damage    Failure   Level
 Ensorcelled Hibernation  Hex/Ice        66%        N/A       1%          2
 Dazzling Flash           Conj/Hex       100%       N/A       1%          3
 Iskenderun's Mystic Bla  Conj/Tloc      56%        2d12      6%          4
 Leda's Liquefaction      Hex/Erth       16%        N/A       10%         4
 Gell's Gravitas          Tloc           7%         N/A       11%         3
 Teleport Other           Tloc           15%        N/A       11%         3
 Dispersal                Tloc           7%         N/A       99%         6
 Statue Form              Tmut/Erth      10%        N/A       99%         6
 Maxwell's Capacitive Co  Air            13%        ∞         100%        8


Dungeon Overview and Level Annotations

Branches:
Dungeon (8/15)             Temple (1/1) D:7         Ossuary (visited)
   Lair: D:8-11

Altars:
Ashenzari
Cheibriados
Dithmenos
Elyvilon
Fedhas
Gozag
Hepliaklqana
Kikubaaqudgha
Makhleb
Nemelex Xobeh
Okawaru
Qazlal
Ru
Sif Muna
Trog
Uskayaw
Vehumet
Wu Jian
Xom
Yredelemnul
Zin
The Shining One

Shops:
D:7 (


Innate Abilities, Weirdness & Mutations

You are weak. (Str -2)


Message History

The searing ray hits the orc priest!
You kill the orc priest!
Vehumet accepts your kill.
Casting: Searing Ray (safe; 1% risk of failure)
Confirm with . or Enter, or press ? or * to list all spells.
Restarting spell: Searing Ray (safe; 1% risk of failure)
Press: ? - help, Shift-Dir - straight line, f - orc wizard
Aim: an orc wizard, wielding a +0 dagger and wearing a +0 robe (79% to hit)
You feel a surge of power!
The searing ray hits the two-headed ogre!
The two-headed ogre is moderately wounded.
The searing ray hits the orc wizard.
The orc wizard is moderately wounded. (Press . to maintain the ray.)
The searing ray hits the two-headed ogre!
The two-headed ogre is heavily wounded.
The searing ray hits the orc wizard!
You kill the orc wizard!
Vehumet accepts your kill.
The orc hits you from afar with a +0 trident.
The searing ray hits the two-headed ogre!
The two-headed ogre is severely wounded.
The searing ray hits the wyvern zombie!
The wyvern zombie is moderately damaged.
The orc hits you from afar with a +0 trident.
The two-headed ogre hits you with a +0 giant club!
The two-headed ogre closely misses you.
Casting: Searing Ray (safe; 1% risk of failure)
Confirm with . or Enter, or press ? or * to list all spells.
The spell is quite dangerous to cast (12% risk of failure)!
Continue anyway?
Aiming: Lightning Bolt (quite dangerous; 12% risk of failure)
Press: ? - help, Shift-Dir - straight line, f - two-headed ogre
Aim: a two-headed ogre, wielding a +0 giant club and a +0 giant spiked club (severely wounded, 83% to hit)
You feel a surge of power!
You miscast Lightning Bolt.
You are very lightly contaminated with residual magic.
Nothing appears to happen.
The orc hits you but does no damage.
The two-headed ogre hits you with a +0 giant club!!
* * * LOW HITPOINT WARNING * * *
The two-headed ogre hits you with a +0 giant spiked club!!
You die...

# .#. ....
....?####
....)ZO@#
...#.##)# ...
#o#
.....##<######.
#...).........
.....##.######.
##.. ..# ##
####


You could see a two-headed ogre, an orc and a wyvern zombie.

Vanquished Creatures
  A spriggan (D:7)
  Sigmund (D:4)
  Duvessa (D:4)
  A hornet zombie (Ossuary)
  2 sky beasts (D:6)
  A centaur (D:7)
  2 phantoms
  Blork the orc (D:6)
  A bullfrog (D:6)
  3 wyvern zombies (Ossuary)
  A gnoll sergeant (D:5)
  6 scorpions
  4 water moccasin zombies (Ossuary)
  Dowan (D:4)
  2 vampire bats (D:4)
  5 centaur zombies (Ossuary)
  6 bullfrog zombies
  A bullfrog skeleton (D:5)
  An orc priest (D:8)
  A hound (D:4)
  Crazy Yiuf (D:6)
  Terence (D:2)
  4 iguanas
  An orc wizard (D:8)
  2 killer bee zombies (Ossuary)
  11 mummies (Ossuary)
  Robin (D:4)
  A howler monkey zombie (Ossuary)
  3 gnolls (D:5)
  3 adders
  A shadow imp (D:5)
  2 white imps
  An ufetubus (D:6)
  3 worms
  3 dart slugs (D:1)
  16 orcs
  4 endoplasms
  4 giant cockroaches
  10 hobgoblins
  10 jackals (D:2)
  6 kobolds
  A quokka (D:1)
  7 ball pythons
  12 bats
  4 frilled lizards
  15 goblins
  5 rats
174 creatures vanquished.

Vanquished Creatures (collateral kills)
  A kobold (D:3)
  A goblin (D:4)
2 creatures vanquished.

Vanquished Creatures (others)
  A dancing weapon (D:4)
  3 fulminant prisms
  A plant (D:4)
  6 withered plants (Ossuary)
11 creatures vanquished.

Grand Total: 187 creatures vanquished

Notes
Turn   | Place    | Note
-------+----------+-------------------------------------------
     0 | D:1      | horus123 the Deep Elf Conjurer began the quest for the Orb.
     0 | D:1      | Reached XP level 1. HP: 10/10 MP: 6/6
   171 | D:1      | Learned a level 1 spell: Corona
   402 | D:1      | Reached XP level 2. HP: 10/15 MP: 1/8
   985 | D:1      | Learned a level 2 spell: Searing Ray
  1001 | D:1      | Reached skill level 5 in Conjurations
  1435 | D:2      | Reached XP level 3. HP: 19/19 MP: 6/10
  1775 | D:2      | Noticed Terence
  1784 | D:2      | Killed Terence
  1785 | D:2      | Reached skill level 4 in Spellcasting
  1785 | D:2      | Reached skill level 1 in Hexes
  2004 | D:2      | Reached XP level 4. HP: 24/24 MP: 12/12
  2985 | D:3      | Learned a level 3 spell: Tukima's Dance
  3173 | D:3      | Reached skill level 5 in Spellcasting
  3173 | D:3      | Reached XP level 5. HP: 7/28 MP: 13/14
  3830 | D:3      | Identified a scroll of acquirement
  3830 | D:3      | Acquired a staff of conjuration
  3842 | D:4      | Noticed Robin
  4147 | D:4      | Learned a level 4 spell: Fulminant Prism
  4176 | D:4      | Killed Robin
  4187 | D:4      | Reached XP level 6. HP: 31/32 MP: 6/16
  4373 | D:4      | Noticed Sigmund
  4379 | D:4      | Killed Sigmund
  4380 | D:4      | Reached skill level 6 in Spellcasting
  4452 | D:4      | Noticed Dowan
  4458 | D:4      | Noticed Duvessa
  4466 | D:4      | Killed Dowan
  4472 | D:4      | Killed Duvessa
  4473 | D:4      | Reached XP level 7. HP: 5/36 MP: 3/19
  4503 | D:4      | Reached skill level 7 in Spellcasting
  4779 | D:4      | Found a glowing golden altar of the Shining One.
  4785 | D:4      | Learned a level 2 spell: Static Discharge
  5051 | D:4      | Identified the +1 robe of Amorality {Str+5 Int-5 Dex-4
                  | Stlth+}
  5095 | D:5      | Entered Level 5 of the Dungeon
  5126 | D:5      | Found a sand-covered staircase.
  5200 | Ossuary  | Entered an ossuary
  5238 | Ossuary  | Reached skill level 8 in Spellcasting
  5246 | Ossuary  | Reached skill level 5 in Hexes
  5319 | Ossuary  | Reached XP level 8. HP: 20/42 MP: 4/22
  5546 | Ossuary  | Reached skill level 9 in Spellcasting
  5750 | Ossuary  | Reached skill level 1 in Fighting
  5818 | Ossuary  | Found the ring of the Octopus King
  5826 | Ossuary  | Identified a ring of the Octopus King {rC+ AC+1 EV+1 Str+1
                  | Int+1 Dex+1}
  6373 | Ossuary  | Reached skill level 10 in Spellcasting
  6998 | D:5      | Learned a level 5 spell: Lightning Bolt
  7412 | D:5      | Reached XP level 9. HP: 47/47 MP: 23/25
  7731 | D:6      | Found a runed translucent door.
  7732 | D:6      | Noticed Crazy Yiuf
  7737 | D:6      | Killed Crazy Yiuf
  8069 | D:6      | Acquired 759 gold pieces
  8132 | D:6      | Noticed Blork the orc
  8138 | D:6      | Killed Blork the orc
  8379 | D:6      | Reached skill level 5 in Dodging
  9176 | D:7      | Reached skill level 1 in Air Magic
  9248 | D:7      | Reached skill level 11 in Spellcasting
  9498 | D:7      | Learned a level 5 spell: Bolt of Magma
  9598 | D:7      | Found Empuluj's Antique Weapon Boutique.
  9817 | D:7      | Found a staircase to the Ecumenical Temple.
  9837 | Temple   | Entered the Ecumenical Temple
  9935 | Temple   | Became a worshipper of Vehumet
 10042 | D:7      | Gained mutation: You are weak. (Str -2) [potion of
                  | mutation]
 11652 | D:8      | Noticed a two-headed ogre
 11658 | D:8      | Mangled by a two-headed ogre

Illustrated notes

Levels and vault maps discovered:
D:1:      roderic_chinese_lattice_arrival, layout_loops_corners,
          item_on_display_a
D:2:      layout_basic, uniq_terence
D:3:      layout_loops_ring
D:4:      layout_rooms, tso_oasis_becter, roderic_batcave, corner_web_ring,
          grunt_decor_fettered, uniq_sigmund, uniq_duvessa, uniq_robin
D:5:      layout_basic, enter_ossuary_2
D:6:      layout_basic, minivault_19, uniq_blork_the_orc,
          uniq_crazy_yiuf_cottage
D:7:      layout_basic, lemuel_temple_firewalk_a, serial_shops, shop,
          the_hattery
D:8:      layout_loops_cross, minmay_tree_intersection, st_stairs_7,
          minmay_guarded_unrand_staff_of_olgreb
Temple:   kilobyte_greek_temple

Skill      XL: |  1  2  3  4  5  6  7  8  9 |
---------------+----------------------------+-----
Conjurations   | 5 6 7 8 |  8.4
Spellcasting   | 4 5 6 8 10 11 | 11.3
Hexes          | 1 2 4 5 6 |  6.3
Stealth        | 3 4 |  4.5
Dodging        | 3 4 5 |  5.2
Fighting       | 1 2 |  2.1
Air Magic      | 1 |  1.8

Action                   |  1- 3 |  4- 6 |  7- 9 || total
-------------------------+-------+-------+-------++-------
Melee: Staff             |       |       |     2 ||     2
 Cast: Magic Dart        |    72 |    74 |    49 ||   195
       Corona            |    24 |    23 |     7 ||    54
       Searing Ray       |     2 |    15 |    46 ||    63
       Tukima's Dance    |       |     7 |     1 ||     8
       Fulminant Prism   |       |     1 |     2 ||     3
       Lightning Bolt    |       |       |    22 ||    22
       Static Discharge  |       |       |     2 ||     2
  Use: Scroll            |       |     5 |    12 ||    17
       Potion            |       |       |     8 ||     8
Armor: Robe              |     1 |     4 |    39 ||    44
Dodge: Dodged            |     6 |    32 |    75 ||   113
